 Dungeon Crawl Stone Soup version 0.23-a0-182-g58cdd98 (webtiles) character file.

2645 pmoppi the Magician (level 9, -4/68 HPs)
             Began as a Mummy Venom Mage on Sept 20, 2018.
             Slain by a wyvern (16 damage)
             ... on level 8 of the Dungeon.
             The game lasted 00:23:56 (11185 turns).

pmoppi the Magician (Mummy Venom Mage)             Turns: 11185, Time: 00:23:58

Health: -4/68      AC:  7    Str: 11      XL:     9   Next: 35%
Magic:  3/20       EV: 14    Int: 21      God:
Gold:   428        SH:  0    Dex: 14 (15) Spells: 9/22 levels left

rFire    x . .     SeeInvis .   a - +2 falchion (slice)
rCold    + . .     Gourm    .   (no shield)
rNeg     + + +     Faith    .   p - +0 robe
rPois    ∞         Spirit   .   (no helmet)
rElec    .         Reflect  .   r - +1 cloak
rCorr    +         Harm     .   u - +1 pair of gloves {Dex+3}
MR       +....                  h - +0 pair of boots
Stlth    ++........             (no amulet)
HPRegen  0.21/turn              o - +3 ring of intelligence
MPRegen  0.17/turn              k - ring of resist corrosion

@: very slightly contaminated
A: no food or potions, fire vulnerability, cold resistance 1, negative energy
resistance 3, torment resistance, unbreathing
a: no special abilities


You were on level 8 of the Dungeon.
You were not hungry.

You visited 2 branches of the dungeon, and saw 9 of its levels.

You collected 428 gold pieces.

Inventory:

Hand Weapons
 a - a +2 falchion of slicing (weapon)
 b - a +1 whip of freezing
Armour
 g - the +1 leather armour "Bienk" {rN+}
   (You found it on level 6 of the Dungeon)

   It protects you from negative energy.
 h - a +0 pair of boots (worn)
 p - a +0 robe (worn)
 r - a +1 cloak (worn)
 t - a +0 buckler
 u - a +1 pair of gloves of dexterity (worn)
Magical Staves
 z - an uncursed staff of cold {unknown}
Jewellery
 k - a ring of resist corrosion (right hand)
 o - a +3 ring of intelligence (left hand)
 v - an uncursed ring of see invisible
 y - an uncursed ring of ice
Wands
 s - a wand of acid (8)
 w - a wand of iceblast (8)
 x - a wand of polymorph (32)
Scrolls
 c - a scroll of identify
 d - 3 scrolls of fog
 e - 3 scrolls of remove curse
 f - a scroll of blinking {unknown}
 i - 3 scrolls of magic mapping
 j - a scroll of enchant armour
 l - a scroll of enchant weapon
 m - a scroll of amnesia {unknown}
 n - a scroll of teleportation
 q - a scroll of fear {unknown}


   Skills:
 + Level 5.5 Fighting
 + Level 4.8 Dodging
 - Level 1.5 Stealth
 + Level 2.5 Shields
 + Level 7.4 Spellcasting
 + Level 2.8 Conjurations
 - Level 6.0 Poison Magic


You had 9 spell levels left.
You knew the following spells:

 Your Spells              Type           Power        Failure   Level  Hunger
a - Sting                 Conj/Pois      ####         1%          1    N/A
b - Poisonous Vapours     Pois/Air       ###...       3%          2    N/A
c - Mephitic Cloud        Conj/Pois/Air  ###.....     8%          3    N/A
d - Olgreb's Toxic Radia  Pois           ####....     7%          4    N/A
e - Conjure Flame         Conj/Fire      ##......     14%         3    N/A

Your spell library contained the following spells:

 Spells                   Type           Power        Failure   Level  Hunger
 Magic Dart               Conj           ###.         2%          1    N/A
 Blink                    Tloc           N/A          13%         2    N/A
 Call Imp                 Summ           #.......     13%         2    N/A
 Slow                     Hex            #.......     13%         2    N/A
 Venom Bolt               Conj/Pois      ####......   36%         5    N/A

Dungeon Overview and Level Annotations

Branches:
Dungeon (8/15)             Temple (1/1) D:6
   Lair: D:8-11

Altars:
Ashenzari
Elyvilon
Fedhas
Gozag
Hepliaklqana
Kikubaaqudgha
Makhleb
Nemelex Xobeh
Okawaru
Qazlal
Ru
Trog
Uskayaw
Vehumet
Wu Jian
Xom
Yredelemnul
Zin
Jiyva

Shops:
D:5 }*(=[


Innate Abilities, Weirdness & Mutations

You do not eat or drink.
Your flesh is vulnerable to fire.
You are immune to poison.
Your flesh is cold resistant. (rC+)
You are immune to negative energy. (rN+++)
You are immune to unholy pain and torment.
You can survive without breathing.


Message History

The wyvern closely misses you.
The killer bee buzzes angrily.
The wyvern misses you.
You riposte.
You hit the wyvern.
The wyvern is severely wounded.
A killer bee comes into view.
The wyvern bites you. Something hits you but does no damage.
Reactivating autopickup.
You feel your dexterity returning.
You feel a bit more experienced. The wyvern bites you!
The killer bee closely misses you.
You riposte.
You hit the killer bee but do no damage.
There is a stone staircase leading up here.
The killer bee stings you but does no damage.
The wyvern bites you!
* * * LOW HITPOINT WARNING * * *
The killer bee stings you.
* * * LOW HITPOINT WARNING * * *
The wyvern bites you!
You die...

###########
#...@.....#
#...ly....#
#.........#
#.........#
#.........#
#.........####
#......>....y#
#.........##$.
#####.####.....


You could see a wyvern and a killer bee.

Vanquished Creatures
  Pikel (D:7)
  Edmund (D:6)
  Duvessa (D:7)
  An orc warrior (D:7)
  2 phantoms
  2 sky beasts
  4 slaves (D:7)
  4 centaurs
  A bullfrog (D:7)
  2 scorpions (D:6)
  Dowan (D:7)
  3 crimson imps (D:5)
  A centaur zombie (D:6)
  2 quasits
  4 hounds
  An orc priest (D:7)
  2 jellies
  6 orc wizards
  A centaur skeleton (D:6)
  3 worker ants
  A hound skeleton (D:6)
  2 worker ant zombies
  9 adders
  3 gnolls (D:2)
  A shadow imp (D:5)
  An ooze (D:1)
  2 adder zombies
  2 adder skeletons
  6 worms
  3 dart slugs (D:3)
  A leopard gecko (D:2)
  12 orcs
  2 giant cockroaches
  4 goblins
  7 hobgoblins
  12 jackals
  14 kobolds
  2 quokkas
  3 ball pythons
  10 bats
  A frilled lizard (D:1)
  10 rats
151 creatures vanquished.

Notes
Turn   | Place    | Note
-------+----------+-------------------------------------------
     0 | D:1      | pmoppi the Mummy Venom Mage began the quest for the Orb.
     0 | D:1      | Reached XP level 1. HP: 13/13 MP: 4/4
   593 | D:1      | Reached skill level 1 in Conjurations
   647 | D:1      | Reached XP level 2. HP: 19/19 MP: 0/5
   651 | D:1      | Learned a level 2 spell: Poisonous Vapours
   798 | D:1      | Reached skill level 3 in Spellcasting
  1751 | D:1      | Reached XP level 3. HP: 25/25 MP: 2/7
  1980 | D:2      | Reached skill level 1 in Fighting
  2116 | D:2      | Learned a level 3 spell: Mephitic Cloud
  2538 | D:2      | Reached XP level 4. HP: 32/32 MP: 1/9
  2878 | D:2      | Found an opulent altar of Gozag.
  3852 | D:3      | Reached XP level 5. HP: 38/38 MP: 1/10
  3956 | D:3      | Found a radiant altar of Vehumet.
  4495 | D:3      | Reached skill level 4 in Spellcasting
  4925 | D:4      | Found a blossoming altar of Fedhas.
  5311 | D:4      | Reached XP level 6. HP: 39/45 MP: 5/12
  6015 | D:5      | Entered Level 5 of the Dungeon
  6222 | D:5      | Found Gaxiesom's Weapon Shop.
  6252 | D:5      | Found Osibi's Gadget Shoppe.
  6285 | D:5      | Found a sacrificial altar of Ru.
  6405 | D:5      | Learned a level 4 spell: Olgreb's Toxic Radiance
  6465 | D:5      | Noticed a sky beast
  6470 | D:5      | Killed a sky beast
  6470 | D:5      | Reached XP level 7. HP: 52/52 MP: 3/14
  6624 | D:5      | Reached skill level 5 in Spellcasting
  6655 | D:5      | Found a stormy altar of Qazlal.
  6847 | D:5      | Reached skill level 5 in Poison Magic
  7058 | D:5      | Found Ijubynti's Armour Shop.
  7086 | D:5      | Found Xeommiy's Jewellery Boutique.
  7136 | D:5      | Found Tuggit's Assorted Antiques.
  7345 | D:5      | Learned a level 3 spell: Conjure Flame
  7845 | D:6      | Found a staircase to the Ecumenical Temple.
  7894 | Temple   | Entered the Ecumenical Temple
  8214 | D:6      | Reached XP level 8. HP: 57/60 MP: 16/16
  8240 | D:6      | Noticed Edmund
  8257 | D:6      | Killed Edmund
  8273 | D:6      | Got a brightly glowing leather armour
  8274 | D:6      | Identified the +1 leather armour "Bienk" {rN+} (You found
                  | it on level 6 of the Dungeon)
  8790 | D:6      | Reached skill level 6 in Spellcasting
  9107 | D:6      | Found a hide-covered altar of Uskayaw.
  9212 | D:6      | Found an iron altar of Okawaru.
  9530 | D:7      | Noticed Duvessa
  9530 | D:7      | Noticed Dowan
  9914 | D:7      | Noticed Pikel
  9925 | D:7      | Killed Pikel
  9925 | D:7      | Reached skill level 5 in Fighting
  9925 | D:7      | Reached skill level 1 in Shields
  9979 | D:7      | Reached XP level 9. HP: 65/68 MP: 9/19
 10033 | D:7      | Reached skill level 7 in Spellcasting
 10228 | D:7      | Found a sparkling altar of Nemelex Xobeh.
 10543 | D:7      | Killed Dowan
 10545 | D:7      | Killed Duvessa
 11185 | D:8      | Slain by a wyvern

Vault maps used:
D:1:      sevenhm_arrival_forest_fort_large_3
D:2:      grunt_gozag_statues, minmay_randomly_rotated_circles
D:3:      vehumet_crystals, first_ration
D:4:      fedhas_altar_2
D:5:      nicolae_ru_awakened_eye, nicolae_qazlal_general_emergency,
          serial_shops, shop_fountains, shop, nicolae_shop_trees,
          kennysheep_mini_moat, nicolae_shop_statue_plus
D:6:      lemuel_round_altar, eat_drink_and_be_merry_uskayaw,
          minmay_temple_entry_butterflies, minmay_misc_feat_tiny,
          minmay_crossroads, uniq_edmund
D:7:      basic_altar, uniq_pikel, uniq_duvessa
D:8:      nicolae_dithmenos_through_a_glass_darkly, grunt_temple_overflow_open,
          uniq_psyche
Temple:   pf_slimified_temple

Skill      XL: |  1  2  3  4  5  6  7  8  9 |
---------------+----------------------------+-----
Conjurations   | 1 2 |  2.8
Spellcasting   | 3 4 5 6 7 |  7.4
Poison Magic   | 3 4 5 6 |  6.0
Fighting       | 1 2 3 5 |  5.5
Dodging        | 2 3 4 |  4.8
Shields        | 1 2 |  2.5
Stealth        | |  1.5

Action                   |  1- 3 |  4- 6 |  7- 9 || total
-------------------------+-------+-------+-------++-------
Melee: Short sword       |    49 |       |       ||    49
       Unarmed           |     1 |       |       ||     1
       Hand axe          |     8 |    20 |       ||    28
       Falchion          |       |    32 |   128 ||   160
 Cast: Sting             |    27 |       |       ||    27
       Poisonous Vapours |    30 |    97 |    61 ||   188
       Olgreb's Toxic Ra |       |       |    11 ||    11
       Conjure Flame     |       |       |     4 ||     4
  Use: Scroll            |       |     8 |     2 ||    10
Armor: Robe              |    21 |     9 |    57 ||    87
Dodge: Dodged            |    56 |    52 |   142 ||   250
       Rpst.: Falchion   |       |     6 |    37 ||    43

Table legend:
 A = Non-vault XP
 B = Vault XP
 C = Vault XP percentage of total XP
 D = Non-vault monster count
 E = Vault monster count
 F = Vault count percentage of total count
                 A         B        C        D         E       F
            +---------+---------+-------+---------+---------+-------
      Total |    2624 |    1155 |  30.6 |     136 |      11 |   7.5
            +---------+---------+-------+---------+---------+-------
        D:1 |      48 |       0 |   0.0 |      25 |       0 |   0.0
        D:2 |     116 |      24 |  17.1 |      26 |       6 |  18.8
        D:3 |      96 |       0 |   0.0 |      21 |       0 |   0.0
        D:4 |     277 |       0 |   0.0 |      16 |       0 |   0.0
        D:5 |     653 |       0 |   0.0 |      14 |       0 |   0.0
        D:6 |     530 |     223 |  29.6 |      17 |       2 |  10.5
        D:7 |     714 |     908 |  56.0 |      14 |       3 |  17.6
        D:8 |     190 |       0 |   0.0 |       3 |       0 |   0.0
            +---------+---------+-------+---------+---------+-------
